 Dungeon Crawl Stone Soup version 0.19-a0-1937-g70ed36a (webtiles) character file.

583 packetloss the Slinger (level 7, -4/44 HPs)
             Began as a Halfling Hunter on Oct 26, 2016.
             Slain by a gnoll
             ... wielding a +0 spear
              (6 damage)
             ... on level 4 of the Dungeon.
             The game lasted 00:13:02 (3392 turns).

packetloss the Slinger (Halfling Hunter)            Turns: 3392, Time: 00:13:02

Health: -4/44      AC:  4    Str: 13    XL:     7   Next: 64%
Magic:  7/7        EV: 14    Int: 11    God:
Gold:   146        SH:  0    Dex: 15    Spells: 0 memorised, 6 levels left

rFire  . . .     SeeInvis +     b - +2 dagger (venom)
rCold  . . .     Gourm    .     c - +0 leather armour
rNeg   . . .     Faith    .     (shield restricted)
rPois  .         Spirit   .     (no helmet)
rElec  .         Reflect  .     (no cloak)
rCorr  .         Harm     .     g - +0 pair of gloves
MR     .....     Rnd*Tele +     (no boots)
Stlth  ++........               (no amulet)
                                n - ring of teleportation (curse) {+/*tele, !d}
                                s - ring of see invisible {sInv, !d}

@: no status effects
A: mutation resistance 1
a: no special abilities


You were on level 4 of the Dungeon.
You were not hungry.

You visited 1 branch of the dungeon, and saw 4 of its levels.

You collected 146 gold pieces.

Inventory:

Hand Weapons
 a - a +1 hunting sling
 b - a +2 dagger of venom (weapon)
   (You took it off a goblin on level 1 of the Dungeon)
 l - a +0 short sword
Missiles
 d - 17 sling bullets
 j - 93 stones (quivered)
Armour
 c - a +0 leather armour (worn)
 g - a +0 pair of gloves (worn)
   (You found it on level 1 of the Dungeon)
 x - a +0 buckler
   (You found it on level 2 of the Dungeon)
Jewellery
 n - a cursed ring of teleportation (right hand) {+/*tele, !d}
   (You found it on level 3 of the Dungeon)
 s - a ring of see invisible (left hand) {sInv, !d}
   (You found it on level 2 of the Dungeon)
Scrolls
 e - 2 scrolls of amnesia {unknown}
 k - a scroll of identify {unknown}
 m - 3 scrolls of remove curse {unknown}
 q - a scroll of noise {!r}
 r - a scroll of fog {unknown}
 t - a scroll of teleportation {unknown}
 u - a scroll of immolation {unknown}
 v - a scroll of blinking {unknown}
Potions
 i - a potion of ambrosia {unknown}
Comestibles
 f - 3 bread rations {@e1}
 p - 2 meat rations {@e2}


   Skills:
 - Level 1.7 Fighting
 + Level 6.8 Short Blades
 + Level 8.6 Slings
 - Level 2.1 Dodging
 + Level 2.8 Stealth


You had 6 spell levels left.
You didn't know any spells.

Dungeon Overview and Level Annotations

Branches:
Dungeon (4/15)
 Temple: D:4-7

Altars:
Elyvilon
Fedhas
Okawaru

Annotations:
D:3 Grinder


Innate Abilities, Weirdness & Mutations

You are small and have problems with some larger weapons.
You are somewhat resistant to further mutation.


Message History

You hit the ogre.
The ogre looks as sick as possible!
You kill the ogre!
You see here a giant club.
j - 73 stones (gained 1)
j - 74 stones (gained 1)
j - 75 stones (gained 1)
j - 76 stones (gained 1) Some of the chunks of flesh in your inventory have rotted away.
You see here a short sword.
j - 93 stones (gained 17)
Things that are here:
a leather armour; a dagger
There is a stone staircase leading down here.
You climb downwards.
There is a stone staircase leading up here.
You now have 146 gold pieces (gained 15).
Your +2 dagger of venom stops dripping with poison.
a - a +1 hunting sling (weapon)
There is a stone staircase leading up here.
An adder comes into view.
The adder hisses angrily.
Aim: an adder You shoot a stone.
The stone completely misses the adder.
Your +2 dagger of venom begins to drip with poison!
b - a +2 dagger of venom (weapon)
The adder bites you.
You are poisoned.
The adder poisons you!
You take 1 damage, and have 43/44 hp.
You miss the adder.
You feel sick. The adder closely misses you.
You take 1 damage, and have 42/44 hp.
You closely miss the adder. The adder bites you.
You are more poisoned.
The adder poisons you!
You take 1 damage, and have 41/44 hp.
You closely miss the adder. The adder barely misses you.
You miss the adder.
You feel sick. The adder barely misses you.
You take 1 damage, and have 40/44 hp.
You completely miss the adder. You miss the adder.
The adder bites you but does no damage.
You hit the adder.
The adder is poisoned.
You feel sick. The adder closely misses you.
You take 1 damage, and have 39/44 hp.
You hit the adder.
The adder looks as sick as possible!
The adder bites you but does no damage.
You miss the adder.
You feel sick. The adder misses you.
You closely miss the adder. The adder bites you.
You are more poisoned.
The adder poisons you!
You take 2 damage, and have 37/44 hp.
You barely miss the adder.
You kill the adder!
You feel sick.
You take 1 damage, and have 36/44 hp.
Your +2 dagger of venom stops dripping with poison.
a - a +1 hunting sling (weapon)
You feel sick.
You take 1 damage, and have 35/44 hp.
j - 93 stones (gained 1)
You feel sick.
You take 1 damage, and have 34/44 hp.
Found a white marble altar of Elyvilon.
You are feeling hungry.
You feel sick.
You start resting.
Eating one of 2 chunks of flesh {@w0}.
You start eating one of the 2 chunks of flesh {@w0}.
You feel sick. x7
You are no longer poisoned.
You take 4 damage, and have 30/44 hp.
You start resting.
You are suddenly yanked towards some nearby monsters!
Your surroundings suddenly seem different. 3 gnolls come into view.
Warning x3: The gnoll (sleeping) can hit for moderate damage in melee, and throws nets! x3
Your +2 dagger of venom begins to drip with poison!
b - a +2 dagger of venom (weapon)
The gnoll shouts!
Warning x3: The gnoll can hit for moderate damage in melee, and throws nets!
The gnoll (wandering) can hit for moderate damage in melee, and throws nets! x2
The gnoll shouts! x2
The gnoll completely misses you.
Warning x3: The gnoll can hit for moderate damage in melee, and throws nets! x3
The gnoll hits you from afar with a spear.
You take 6 damage, and have 25/44 hp.
Warning x2: The gnoll can hit for moderate damage in melee, and throws nets! x2
The gnoll barely misses you.
The gnoll hits you from afar with a spear!
You take 7 damage, and have 18/44 hp.
You hit the gnoll. The gnoll barely misses you.
The gnoll hits you from afar with a spear.
* * * LOW HITPOINT WARNING * * *
Warning x3: The gnoll can hit for moderate damage in melee, and throws nets! x3
You take 5 damage, and have 13/44 hp.
Unknown command.
You hit the gnoll.
The gnoll is poisoned.
All of the chunks of flesh in your inventory have rotted away.
You hit the gnoll but do no damage.
The gnoll looks as sick as possible!
The gnoll hits you with a halberd!
* * * LOW HITPOINT WARNING * * *
The gnoll hits you from afar with a spear.
You die...

#. #. #
#.
#.###.##
.#......#
....g.gg#
#######g#
#@# #.#
#.# #.#
#.# #.#
#.# #.#


You could see 3 gnolls.

Vanquished Creatures
  Sigmund (D:2)
  Purgy (D:3)
  An ogre (D:3)
  An orc priest (D:3)
  An orc wizard (D:3)
  Ijyb (D:1)
  A worker ant (D:3)
  4 gnolls (D:3)
  4 adders
  An ooze (D:1)
  A worm (D:2)
  2 dart slugs (D:1)
  A leopard gecko (D:3)
  3 orcs (D:3)
  3 ball pythons
  5 giant cockroaches
  14 goblins
  5 hobgoblins
  3 jackals (D:3)
  A kobold (D:1)
  3 quokkas
  6 bats
  A frilled lizard (D:3)
  12 rats
76 creatures vanquished.

Notes
Turn   | Place    | Note
-------+----------+-------------------------------------------
     0 | D:1      | packetloss the Halfling Hunter began the quest for the Orb.
     0 | D:1      | Reached XP level 1. HP: 14/14 MP: 1/1
   245 | D:1      | Reached skill level 1 in Short Blades
   288 | D:1      | Reached XP level 2. HP: 19/19 MP: 2/2
   310 | D:1      | Reached skill level 2 in Short Blades
   543 | D:1      | Reached skill level 3 in Short Blades
   543 | D:1      | Reached XP level 3. HP: 24/24 MP: 3/3
   837 | D:2      | Noticed Ijyb
   862 | D:1      | Killed Ijyb
   862 | D:1      | Reached skill level 4 in Short Blades
   862 | D:1      | Reached XP level 4. HP: 22/29 MP: 4/4
  1058 | D:2      | Reached skill level 6 in Slings
  1269 | D:2      | Noticed Sigmund
  1307 | D:2      | Killed Sigmund
  1307 | D:2      | Reached skill level 5 in Short Blades
  1307 | D:2      | Reached skill level 7 in Slings
  1307 | D:2      | Reached XP level 5. HP: 17/34 MP: 5/5
  1307 | D:2      | Reached XP level 6. HP: 20/39 MP: 6/6
  2020 | D:3      | Found an iron altar of Okawaru.
  2056 | D:3      | HP: 1/39 [orc priest/divine providence (12)]
  2062 | D:3      | HP: 5/58 [hobgoblin/club (2)]
  2064 | D:3      | Reached skill level 6 in Short Blades
  2071 | D:3      | HP: 5/58 [orc/short sword (2)]
  2557 | D:3      | Reached skill level 8 in Slings
  2665 | D:3      | Noticed Grinder
  2716 | D:3      | Found a blossoming altar of Fedhas.
  2753 | D:3      | Reached XP level 7. HP: 36/44 MP: 7/7
  3027 | D:3      | Noticed Purgy
  3045 | D:3      | Killed Purgy
  3045 | D:3      | Reached skill level 2 in Stealth
  3355 | D:4      | Found a white marble altar of Elyvilon.
  3392 | D:4      | HP: 2/44 [gnoll/halberd (11)]
  3392 | D:4      | Slain by a gnoll

Vault maps used:
D:1:      tarquinn_simple_flora_water_a
D:2:      kennysheep_the_goblin_king, first_bread, uniq_sigmund
D:3:      lemuel_round_altar, minmay_misc_feat_iff, minmay_misc_feat_encased,
          okawaru_trees_1, uniq_grinder, uniq_purgy
D:4:      minivault_24, chequers_big_river, kennysheep_cross_bottleneck,
          elyvilon_altar_5

Skill      XL: |  1  2  3  4  5  6  7 |
---------------+----------------------+-----
Short Blades   | 1 3 4 5 6 |  6.8
Slings         | 7 8 |  8.6
Stealth        | 2 |  2.8
Fighting       | |  1.7
Dodging        | |  2.1

Action                   |  1- 3 |  4- 6 |  7- 9 || total
-------------------------+-------+-------+-------++-------
Melee: Short sword       |    18 |       |       ||    18
       Dagger            |    18 |    42 |    45 ||   105
 Fire: Hunting sling     |    35 |    71 |    25 ||   131
Throw: Stone             |       |     2 |     6 ||     8
  Use: Potion            |       |     4 |       ||     4
       Scroll            |       |       |     1 ||     1
 Stab: Invisible         |       |     2 |       ||     2
  Eat: Chunk             |       |     5 |     3 ||     8
Armor: Leather armour    |     6 |     8 |     5 ||    19
       Skin              |       |     4 |       ||     4
Dodge: Dodged            |    21 |    38 |    34 ||    93

Vault maps used:
D:1:      tarquinn_simple_flora_water_a
D:2:      kennysheep_the_goblin_king, first_bread, uniq_sigmund
D:3:      lemuel_round_altar, minmay_misc_feat_iff, minmay_misc_feat_encased,
          okawaru_trees_1, uniq_grinder, uniq_purgy
D:4:      minivault_24, chequers_big_river, kennysheep_cross_bottleneck,
          elyvilon_altar_5

Table legend:
 A = Turns spent in this place as a percentage of turns spent in the entire game.
 B = Non-inter-level travel turns spent in this place as a percentage of non-inter-level travel turns spent in the entire game.
 C = Inter-level travel turns spent in this place as a percentage of turns spent in this place.
 D = Turns resting spent in this place as a percentage of non-inter-level travel turns spent in this place.
 E = Turns spent auto-exploring this place as a percentage of non-inter-level travel turns spent in this place.
 F = Non-inter-level travel turns spent in this place divided by the number of levels of this place that you've seen.
                   A       B       C       D       E      F
               +-------+-------+-------+-------+-------+----------------------
         Total | 100.0 | 100.0 |   0.4 |   1.3 |   1.7 | 413.5
       Dungeon | 100.0 | 100.0 |   0.4 |   1.3 |   1.7 | 413.5
               +-------+-------+-------+-------+-------+----------------------

Table legend:
 A = Kills in this place as a percentage of kills in entire the game.
 B = Kills by you in this place as a percentage of kills by you in the entire game.
 C = Kills by friends in this place as a percentage of kills by friends in the entire game.
 D = Other kills in this place as a percentage of other kills in the entire game.
 E = Experience gained in this place as a percentage of experience gained in the entire game.
 F = Experience gained in this place divided by the number of levels of this place that you have seen.
                   A       B       C       D       E      F
               +-------+-------+-------+-------+-------+----------------------
         Total | 100.0 | 100.0 |  -nan |  -nan | 100.0 | 208.5
       Dungeon | 100.0 | 100.0 |  -nan |  -nan | 100.0 | 208.5
               +-------+-------+-------+-------+-------+----------------------
